 Dungeon Crawl Stone Soup version bcrawl-1.13.5 (webtiles) character file.

Game seed: 3834708852606651576

40122 Anmu the Eclecticist (level 14, -12/76 HPs)
             Began as a Fairy Conjurer on Sept 1, 2019.
             Was a High Priest of Sif Muna.
             Hit by a large rock thrown by a cyclops (35 damage)
             ... on level 12 of the Dungeon.
             The game lasted 00:47:08 (11404 turns).

Anmu the Eclecticist (Fairy Conjurer)              Turns: 11404, Time: 00:47:09

Health: -12/76     AC:  8    Str:  4    XL:     14   Next: 9%
Magic:  32/37      EV: 27    Int: 29    God:    Sif Muna [*****.]
Gold:   1068       SH: 15    Dex: 15    Spells: 19/48 levels left

rFire    . . .     SeeInvis .   (weapon restricted)
rCold    . . .     Gourm    .   d - +1 buckler
rNeg     . . .     Faith    .   (armour unavailable)
rPois    .         Spirit   .   x - +0 hat {Int+3}
rElec    .         Reflect  .   v - +0 cloak
rCorr    +         Harm     .   (no gloves)
MR       +....                  (no boots)
Stlth    ++........             (no amulet)
HPRegen  0.22/turn              u - ring of resist corrosion
MPRegen  0.25/turn              (no ring)

@: flying evasively
A: small, magic attunement, unstealthy, unfitting armour, horns 1, thin skeletal
structure 1, clever 1, weak 1, able to fly, AC/SH +7
a: Stop Flying, Divine Energy, Channel Magic, Forget Spell, Renounce Religion


You were on level 12 of the Dungeon.
You worshipped Sif Muna.
Sif Muna was extremely pleased with you.
You were not hungry.

You visited 2 branches of the dungeon, and saw 13 of its levels.
You also visited: Bailey.

You collected 1068 gold pieces.

Inventory:

Hand Weapons
 p - a +3 morningstar of protection
Armour
 d - a +1 buckler (worn)
 v - a +0 cloak (worn)
 x - a +0 hat of intelligence (worn)
Magical Staves
 r - an uncursed staff of cold
Jewellery
 q - an uncursed ring of ice
 u - a ring of resist corrosion (left hand)
Wands
 k - a wand of acid (7)
 n - a wand of paralysis (12)
 y - a wand of digging (17)
 A - a wand of enslavement (8)
 C - a wand of iceblast (4)
Scrolls
 f - 11 scrolls of identify
 g - 12 scrolls of remove curse
 h - 2 scrolls of blinking
 i - 4 scrolls of enchant weapon
 j - 2 scrolls of magic mapping
 l - 2 scrolls of fog
 t - 2 scrolls of amnesia
 B - 2 scrolls of teleportation
 E - 2 scrolls of fear
Potions
 a - a potion of resistance
 c - 3 potions of lignification
 e - a potion of haste
 m - 2 potions of heal wounds
 o - 2 potions of curing
 s - a potion of brilliance
 w - a potion of might
 z - a potion of ambrosia
 D - a potion of berserk rage {unknown}
 G - a potion of agility
 I - a potion of cancellation
 J - a potion of magic {unknown}
Miscellaneous
 F - a fan of gales
 H - a lamp of fire
Comestibles
 b - 15 rations {!d}


   Skills:
 * Level 13.3 Dodging
 + Level 2.9 Stealth
 + Level 4.3 Shields
 + Level 17.6 Spellcasting
 + Level 15.2 Conjurations
 + Level 2.2 Charms
 + Level 1.4 Necromancy
 + Level 2.0 Fire Magic
 + Level 1.4 Air Magic
 + Level 1.0 Poison Magic


You had 19 spell levels left.
You knew the following spells:

 Your Spells              Type           Power        Failure   Level  Hunger
a - Iskenderun's Mystic   Conj           #######.     0%          3    None
b - Fireball              Conj/Fire      ######....   1%          5    None
c - Bolt of Draining      Conj/Necr      ######....   1%          5    None
d - Orb of Destruction    Conj           #######...   3%          7    None
e - Mephitic Cloud        Conj/Pois/Air  ######..     1%          3    None
f - Iskenderun's Battles  Conj/Chrm      ######..     1%          5    None
g - Magic Dart            Conj           ####         0%          1    None

Your spell library contained the following spells:

 Spells                   Type           Power        Failure   Level  Hunger
 Searing Ray              Conj           ######       0%          2    None
 Animate Skeleton         Necr           N/A          1%          1    None
 Beastly Appendage        Tmut           ####..       1%          1    None
 Flame Tongue             Conj/Fire      #####        1%          1    None
 Sandblast                Erth           ####..       1%          1    None
 Poisonous Vapours        Pois/Air       ####..       1%          2    None
 Throw Frost              Conj/Ice       ######       1%          2    None
 Conjure Flame            Conj/Fire      ######..     1%          3    None
 Dazzling Spray           Conj/Hex       ######       1%          3    None
 Stone Arrow              Conj/Erth      ######       1%          3    None
 Fulminant Prism          Conj/Hex       ######....   1%          4    None
 Sticky Flame             Conj/Fire      ######..     1%          4    None
 Lightning Bolt           Conj/Air       ######....   1%          5    None
 Irradiate                Conj/Tmut      ######....   2%          5    None
 Passwall                 Tmut/Erth      ####....     3%          2    None
 Sticks to Snakes         Tmut           ####....     3%          2    None
 Inner Flame              Hex/Fire       N/A          3%          3    None
 Spider Form              Tmut/Pois      ###          4%          3    None
 Bolt of Magma            Conj/Fire/Erth ######....   4%          5    None
 Bolt of Fire             Conj/Fire      ######....   9%          6    None
 Poison Arrow             Conj/Pois      ######....   11%         6    None
 Bolt of Cold             Conj/Ice       ######....   13%         6    None
 Iron Shot                Conj/Erth      ######....   13%         6    None
 Ice Form                 Ice/Tmut       ####....     19%         4    None
 Silence                  Hex/Air        ####......   36%         5    None
 Summon Lightning Spire   Summ/Air       ####....     36%         5    None
 Blade Hands              Tmut           ####......   47%         5    None
 Icicle Burst             Conj/Ice       ######....   56%         7    None
 Mana Rupture             Conj/Hex       ######....   56%         7    None
 Spellforged Servitor     Conj/Summ      ######....   56%         7    None
 Death Channel            Necr           ####......   86%         6    None
 Borgnjor's Revivificati  Necr           ####......   100%        8    None
 Glaciate                 Conj/Ice/Air   ######....   100%        8    None
 Fire Storm               Conj/Fire      ######....   100%        9    None


Dungeon Overview and Level Annotations

Branches:
Dungeon (12/12)            Temple (1/1) D:6            Lair (0/6) D:8
    Orc (0/1) D:10
 Vaults: D:11-12     Depths: D:12

Altars:
Ashenzari
Cheibriados
Dithmenos
Elyvilon
Fedhas
Gozag
Hepliaklqana
Kikubaaqudgha
Lugonu
Makhleb
Nemelex Xobeh
Okawaru
Qazlal
Ru
Sif Muna
Trog
Uskayaw
Vehumet
Wu Jian
Xom
Yredelemnul
Zin
The Shining One

Annotations:
D:3 2 transporters


Innate Abilities, Weirdness & Mutations

Your spells do not cause hunger and MP costs are reduced by 1.
Your bright wings attract enemies. (Stealth-)
You cannot fit into any form of body armour.
Your shimmering scales are hard and can block incoming attacks. (AC +7, SH +7)
You are small and have problems with some larger weapons.
You can fly continuously.
You have a pair of small horns on your head.
You have a somewhat thin skeletal structure. (Dex +2, Stealth)
Your mind is acute. (Int +2)
You are weak. (Str -2)


Message History

Press: ? - help, Shift-Dir - straight line, f - you That beam is likely to hit you.
Continue anyway?
Okay, then.
The cyclops throws a large rock.
You block the large rock.
You swap places.
The cyclops throws a large rock.
The large rock hits you!!!
Ouch! That really hurt!
A cyclops is nearby!
Casting: Iskenderun's Mystic Blast (safe; 0% risk of failure)
Confirm with . or Enter, or press ? or * to list all spells.
Aiming: Fireball (safe; 1% risk of failure)
Press: ? - help, Shift-Dir - straight line, f - cyclops
Aim: a cyclops The fireball explodes!
The fireball engulfs the cyclops.
The cyclops is heavily wounded.
Your battlesphere fires!
The barrage of energy hits the cyclops.
The cyclops is almost dead.
The cyclops throws a large rock.
The large rock hits you!!
You die...

.....C.#
#..)...# #.#
#..)...# #.#
#..C... #.#
#.).[# #.#
##.#.# #####.#
#....#
.....####....##
#..##.@*....#
#.....).....#
#.###.......#
#.#####...###
#...........#
#..#####.##.#
#..#####.# .#
#..##.. .# #
#..##.# ##


You could see a cyclops and a friendly battlesphere.

Vanquished Creatures
  Kirke (D:11)
  An orc warlord (Bailey)
  Snorg (D:10)
  Fannar (D:10)
  A centaur warrior (D:11)
  8 two-headed ogres
  An ogre mage (D:10)
  Nergalle (D:9)
  4 skeletal warriors (D:11)
  2 cyclopes
  A wolf spider zombie (D:8)
  A deep elf mage (D:12)
  Maurice (D:10)
  A tengu conjurer (D:9)
  5 trolls
  10 slime creatures
  3 hippogriffs
  A shadow (D:12)
  A wraith (D:8)
  7 yaks
  A human (D:8)
  6 hogs
  A basilisk (D:11)
  A warg (D:10)
  An acid dragon (D:12)
  2 water moccasins
  3 ice beasts
  5 sky beasts
  8 orc warriors
  3 phantoms
  A necrophage (D:10)
  A crocodile (D:10)
  9 ogres
  6 centaurs
  2 bullfrogs
  3 big kobolds
  A scorpion (D:6)
  6 killer bees
  5 wights (D:8)
  A howler monkey (D:8)
  An electric eel (D:8)
  A crimson imp (D:7)
  4 centaur zombies
  2 jellies (D:5)
  A bullfrog skeleton (D:6)
  6 hounds
  3 centaur skeletons
  10 orc priests
  22 orc wizards
  An iguana (D:8)
  5 worker ants
  A killer bee zombie (D:8)
  A hound skeleton (D:6)
  A howler monkey zombie (D:6)
  A worker ant zombie (D:5)
  A gnoll (Bailey)
  8 adders
  A shadow imp (D:5)
  2 oozes
  A worm (D:2)
  14 dart slugs
  8 leopard geckos
  46 orcs
  A ball python (D:1)
  6 giant cockroaches
  13 goblins
  15 hobgoblins
  7 jackals
  5 quokkas
  6 bats
  4 frilled lizards
  38 kobolds
  9 rats
363 creatures vanquished.

Vanquished Creatures (others)
  3 humans (D:11)
  An orc wizard (D:11)
4 creatures vanquished.

Grand Total: 367 creatures vanquished

Notes
Turn   | Place    | Note
-------+----------+-------------------------------------------
     0 | D:1      | Anmu the Fairy Conjurer began the quest for the Orb.
     0 | D:1      | Reached XP level 1. HP: 11/11 MP: 6/6
     0 | D:1      | Noticed an orb of fire
     0 | D:1      | Noticed a green draconian
     0 | D:1      | Noticed an iron dragon
     1 | D:1      | Noticed an ice dragon
     3 | D:1      | Noticed a red draconian
     3 | D:1      | Noticed a shadow dragon
     5 | D:1      | Noticed a shadow dragon
     6 | D:1      | Noticed an iron dragon
     7 | D:1      | Noticed an iron dragon
     8 | D:1      | Noticed a shadow dragon
    10 | D:1      | Noticed a yellow draconian
    12 | D:1      | Noticed an iron dragon
    13 | D:1      | Noticed a shadow dragon
    14 | D:1      | Noticed a tentacled monstrosity
    14 | D:1      | Noticed a large abomination
    16 | D:1      | Noticed an ice dragon
    16 | D:1      | Noticed an iron dragon
    16 | D:1      | Noticed a shadow dragon
    18 | D:1      | Noticed an ice dragon
    88 | D:1      | Reached skill level 5 in Conjurations
    88 | D:1      | Reached XP level 2. HP: 17/17 MP: 7/7
   116 | D:1      | Reached skill level 3 in Spellcasting
   171 | D:1      | Reached XP level 3. HP: 21/21 MP: 9/9
   693 | D:2      | Learned a level 3 spell: Iskenderun's Mystic Blast
   734 | D:2      | Reached XP level 4. HP: 27/27 MP: 9/11
   881 | D:2      | Found a corrupted altar of Lugonu.
   925 | D:2      | Found a glowing golden altar of the Shining One.
  1080 | D:3      | Reached skill level 4 in Spellcasting
  1080 | D:3      | Reached XP level 5. HP: 19/31 MP: 1/13
  1337 | D:3      | Reached XP level 6. HP: 36/36 MP: 2/15
  1573 | D:3      | Gained mutation: You possess an exceptional clarity of
                  | mind. [potion of mutation]
  1573 | D:3      | Gained mutation: Your body sometimes deteriorates upon
                  | taking damage. [potion of mutation]
  1573 | D:3      | Gained mutation: You are partially covered in iridescent
                  | scales. (AC +2) [potion of mutation]
  1588 | D:3      | Found a transporter.
  1605 | D:3      | Found a transporter.
  1873 | D:4      | Reached skill level 5 in Spellcasting
  1934 | D:4      | Found an ornate altar of the Wu Jian Council.
  1966 | D:4      | Noticed a sky beast
  1969 | D:4      | Killed a sky beast
  2039 | D:4      | Reached XP level 7. HP: 41/41 MP: 12/17
  2540 | D:5      | Entered Level 5 of the Dungeon
  2552 | D:5      | Reached skill level 5 in Dodging
  2556 | D:5      | Reached skill level 6 in Spellcasting
  2728 | D:5      | Found a hazy altar of Hepliaklqana.
  2728 | D:5      | Found a sparkling altar of Nemelex Xobeh.
  2728 | D:5      | Found a shadowy altar of Dithmenos.
  2733 | D:5      | Found a blossoming altar of Fedhas.
  2862 | D:5      | Reached XP level 8. HP: 46/46 MP: 15/20
  2869 | D:5      | Reached skill level 7 in Spellcasting
  3254 | D:6      | Found a staircase to the Ecumenical Temple.
  3264 | Temple   | Entered the Ecumenical Temple
  3284 | Temple   | Became a worshipper of Sif Muna the Loreminder
  3318 | D:6      | Identified a scroll of acquirement
  3319 | D:6      | Got a transparent cloak
  3325 | D:6      | Identified the +2 cloak "Ritat" {-Cast Regen+ Dex+6} (You
                  | acquired it on level 6 of the Dungeon)
  3397 | D:6      | Noticed a hippogriff
  3402 | D:6      | Killed a hippogriff
  3402 | D:6      | Reached skill level 8 in Spellcasting
  3604 | D:6      | Reached * piety under Sif Muna
  3604 | D:6      | Identified Sif Muna's Volume of the Birds and the Rocks
                  | (Sif Muna gifted it to you on level 6 of the Dungeon)
  3604 | D:6      | Received a gift from Sif Muna
  3604 | D:6      | Reached skill level 1 in Shields
  3610 | D:6      | Learned a level 3 spell: Mephitic Cloud
  3643 | D:6      | Noticed a cyclops
  3646 | D:6      | Killed a cyclops
  3646 | D:6      | Reached skill level 9 in Spellcasting
  3646 | D:6      | Reached XP level 9. HP: 51/51 MP: 16/24
  4144 | D:7      | Reached skill level 10 in Conjurations
  4759 | D:8      | Noticed a two-headed ogre
  4765 | D:8      | Killed a two-headed ogre
  4765 | D:8      | Reached skill level 10 in Spellcasting
  4765 | D:8      | Reached XP level 10. HP: 56/56 MP: 14/26
  4864 | D:8      | Identified Sif Muna's Almanac of Bewitching Evil Secrets
                  | (Sif Muna gifted it to you on level 8 of the Dungeon)
  4864 | D:8      | Received a gift from Sif Muna
  5032 | D:8      | Noticed a two-headed ogre
  5036 | D:8      | Killed a two-headed ogre
  5036 | D:8      | Reached ** piety under Sif Muna
  5036 | D:8      | Reached skill level 1 in Air Magic
  5055 | D:8      | Reached skill level 11 in Spellcasting
  5152 | D:8      | Reached skill level 10 in Dodging
  5516 | D:8      | Found a hide-covered altar of Uskayaw.
  5583 | D:8      | Reached XP level 11. HP: 59/61 MP: 5/28
  5759 | D:8      | Found a staircase to the Lair.
  5782 | D:8      | Reached skill level 12 in Spellcasting
  5863 | D:8      | Identified Cuxoor's Incunabulum of Arcane Weapons (Sif Muna
                  | gifted it to you on level 8 of the Dungeon)
  5863 | D:8      | Received a gift from Sif Muna
  6463 | D:9      | Noticed Nergalle
  6521 | D:9      | Noticed a two-headed ogre
  6651 | D:9      | Learned a level 5 spell: Bolt of Draining
  6653 | D:9      | Killed a two-headed ogre
  6717 | D:9      | Killed Nergalle
  6717 | D:9      | Reached *** piety under Sif Muna
  6753 | D:9      | Reached skill level 13 in Spellcasting
  7064 | D:9      | Learned a level 5 spell: Iskenderun's Battlesphere
  7175 | D:9      | Found a glowing silver altar of Zin.
  7324 | D:10     | Entered Level 10 of the Dungeon
  7338 | D:10     | Noticed Snorg
  7345 | D:10     | Killed Snorg
  7345 | D:10     | Reached skill level 1 in Poison Magic
  7548 | D:10     | Reached skill level 1 in Necromancy
  7563 | D:10     | Found a flagged portal.
  7579 | D:10     | Lost mutation: You are partially covered in iridescent
                  | scales. (AC +2) [potion of mutation]
  7579 | D:10     | Lost mutation: Your body sometimes deteriorates upon taking
                  | damage. [potion of mutation]
  7579 | D:10     | Lost mutation: You possess an exceptional clarity of mind.
                  | [potion of mutation]
  7579 | D:10     | Gained mutation: Your muscles are strong. (Str +2) [potion
                  | of mutation]
  7579 | D:10     | Gained mutation: Your muscles are very strong. (Str +4)
                  | [potion of mutation]
  7610 | Bailey   | Entered a bailey
  7710 | Bailey   | Noticed an orc warlord
  7761 | Bailey   | Found a runed gate.
  7761 | Bailey   | Found a runed gate.
  7784 | Bailey   | Found a runed gate.
  7825 | Bailey   | Identified Sif Muna's Handbook of Destructive Stolen Souls
                  | (Sif Muna gifted it to you in a bailey)
  7825 | Bailey   | Received a gift from Sif Muna
  7955 | Bailey   | Killed an orc warlord
  7955 | Bailey   | Reached skill level 1 in Charms
  7955 | Bailey   | Reached XP level 12. HP: 66/66 MP: 13/31
  8116 | Bailey   | Reached **** piety under Sif Muna
  8116 | Bailey   | Identified Sif Muna's Handbook of Earthen Battle Magic (Sif
                  | Muna gifted it to you in a bailey)
  8116 | Bailey   | Received a gift from Sif Muna
  8116 | Bailey   | Reached skill level 16 in Spellcasting
  8116 | Bailey   | Reached XP level 13. HP: 71/71 MP: 31/35
  8126 | Bailey   | Learned a level 7 spell: Orb of Destruction
  8185 | D:10     | Noticed Maurice
  8188 | D:10     | Killed Maurice
  8488 | D:10     | Found a staircase to the Orcish Mines.
  9092 | D:10     | Noticed Fannar
  9100 | D:10     | Killed Fannar
  9876 | D:11     | Reached skill level 17 in Spellcasting
  9881 | D:11     | Reached ***** piety under Sif Muna
  9881 | D:11     | Identified Sif Muna's Reference Book on the Dusty Blaze
                  | (Sif Muna gifted it to you on level 11 of the Dungeon)
  9881 | D:11     | Received a gift from Sif Muna
  9898 | D:10     | Learned a level 5 spell: Fireball
 10137 | D:11     | Noticed Kirke
 10142 | D:11     | Killed Kirke
 10153 | D:11     | Lost mutation: Your muscles are very strong. (Str +4)
                  | [potion of mutation]
 10153 | D:11     | Lost mutation: Your muscles are strong. (Str +2) [potion of
                  | mutation]
 10153 | D:11     | Gained mutation: You have a somewhat thin skeletal
                  | structure. (Dex +2, Stealth) [potion of mutation]
 10153 | D:11     | Gained mutation: You have a pair of small horns on your
                  | head. [potion of mutation]
 10153 | D:11     | Gained mutation: You are weak. (Str -2) [potion of
                  | mutation]
 10153 | D:11     | Gained mutation: Your mind is acute. (Int +2) [potion of
                  | mutation]
 10340 | D:11     | Reached skill level 15 in Conjurations
 10753 | D:11     | Reached skill level 1 in Fire Magic
 10973 | D:11     | Reached XP level 14. HP: 76/76 MP: 34/37
 11180 | D:12     | Entered Level 12 of the Dungeon
 11404 | D:12     | Hit by a large rock thrown by a cyclops

Skill      XL: |  1  2  3  4  5  6  7  8  9 10 11 12 13 14 |
---------------+-------------------------------------------+-----
Dodging        | 3 4 5 7 9 10 11 13 | 13.3
Conjurations   | 5 6 7 8 9 11 12 13 15 | 15.2
Spellcasting   | 3 4 5 6 9 10 11 13 16 17 | 17.6
Stealth        | 2 |  2.9
Shields        | 1 2 3 4 |  4.3
Air Magic      | 1 |  1.4
Poison Magic   | 1 |  1.0
Necromancy     | 1 |  1.4
Charms         | 1 2 |  2.2
Fire Magic     | 1 2 |  2.0

Action                   |  1- 3 |  4- 6 |  7- 9 | 10-12 | 13-15 || total
-------------------------+-------+-------+-------+-------+-------++-------
Melee: Unarmed           |       |       |       |     1 |       ||     1
 Cast: Magic Dart        |    77 |    53 |   103 |   148 |    37 ||   418
       Iskenderun's Myst |       |    35 |    81 |   159 |   102 ||   377
       Mephitic Cloud    |       |       |     5 |     6 |       ||    11
       Bolt of Draining  |       |       |       |    11 |     3 ||    14
       Iskenderun's Batt |       |       |       |    10 |    20 ||    30
       Orb of Destructio |       |       |       |       |    17 ||    17
       Fireball          |       |       |       |       |    22 ||    22
  Use: Potion            |       |     7 |       |     8 |     1 ||    16
       Scroll            |       |     6 |     7 |     5 |       ||    18
  Eat: Chunk             |       |     3 |     8 |     4 |     6 ||    21
       Ration            |       |       |       |     2 |     1 ||     3
Armor: Skin              |     6 |       |     2 |    21 |     1 ||    30
Dodge: Dodged            |    18 |     9 |    21 |    53 |    19 ||   120
Block: Other             |     8 |     3 |       |       |       ||    11
       Buckler           |       |       |    21 |    50 |    20 ||    91
